 Dungeon Crawl Stone Soup version 0.27.1-3-gb3d3a73c9e (webtiles) character file.

Game seed: 13824873155428291252

4354 raph the Tainter (level 10, -9/73 HPs)
             Began as a Merfolk Venom Mage on Oct 28, 2021.
             Was a Believer of Nemelex Xobeh.
             Mangled by an eight-headed hydra (14 damage)
             ... on level 6 of the Dungeon.
             The game lasted 00:27:16 (12127 turns).

raph the Tainter (Merfolk Venom Mage)              Turns: 12127, Time: 00:27:17

Health: -9/73      AC:  8    Str:  9    XL:     10   Next: 34%
Magic:  18/18      EV: 19    Int: 20    God:    Nemelex Xobeh [**....]
Gold:   102        SH:  5    Dex: 18    Spells: 10/20 levels left

rFire    + . .     SeeInvis .   q - +0 halberd
rCold    + . .     Faith    .   (shield currently unavailable)
rNeg     . . .     Spirit   .   p - +2 robe {rF+}
rPois    .         Reflect  +   t - +0 helmet
rElec    .         Harm     .   g - +0 cloak
rCorr    .         Rampage  .   (no gloves)
Will     .....                  m - +1 pair of boots
Stlth    +++.......             o - amulet of the Turtledove {Reflect Int+3 Dex+3 SH+5}
HPRegen  0.22/turn              D - +4 ring of evasion
MPRegen  0.16/turn              s - ring of protection from cold

@: no status effects
A: (nimble swimmer 2), mertail
a: Renounce Religion, Draw Escape, Draw Destruction, Draw Summoning


You were on level 6 of the Dungeon.
You worshipped Nemelex Xobeh.
Nemelex Xobeh was pleased with you.
You visited 2 branches of the dungeon, and saw 8 of its levels.

You collected 225 gold pieces.
You spent 123 gold pieces at shops.

Inventory:

Hand Weapons
 c - a +0 dagger
 l - a +0 trident
 q - a +0 halberd (weapon)
 y - a +2 scythe of venom
Missiles
 f - 16 javelins
 v - 2 throwing nets
Armour
 a - a +0 robe
 g - a +0 cloak (worn)
 m - a +1 pair of boots (worn)
 p - a +2 robe of fire resistance (worn)
 t - a +0 helmet (worn)
Jewellery
 k - a ring of positive energy
 o - the amulet of the Turtledove (around neck) {Reflect Int+3 Dex+3 SH+5}
   (You found it on level 5 of the Dungeon)

   [amulet of reflection]

   It reflects blocked missile attacks.
   Int:       It affects your intelligence (+3).
   Dex:       It affects your dexterity (+3).
   SH:        It affects your SH (+5).
 s - a ring of protection from cold (right hand)
 u - a ring of positive energy
 D - a +4 ring of evasion (left hand)
Wands
 e - a wand of flame (20)
 w - a wand of acid (19)
 E - a wand of iceblast (6)
Scrolls
 b - a scroll of amnesia
 d - 3 scrolls of identify
 x - 2 scrolls of teleportation
Potions
 h - a potion of berserk rage
 i - 2 potions of ambrosia
 j - a potion of invisibility
 n - 3 potions of resistance
 r - 3 potions of lignification
 z - a potion of degeneration
 A - 2 potions of heal wounds
 B - 4 potions of curing
 C - a potion of mutation


   Skills:
 + Level 4.6 Fighting
 * Level 8.9 Polearms
 + Level 6.2 Dodging
 + Level 5.6 Stealth
 + Level 5.6 Spellcasting
 - Level 1.3 Transmutations
 * Level 9.6 Poison Magic
 + Level 4.6 Invocations


You had 10 spell levels left.
You knew the following spells:

 Your Spells              Type           Power      Damage    Failure   Level
a - Sting                 Tmut/Pois      100%       1d8       1%          1
b - Poisonous Vapours     Pois/Air       48%        N/A       2%          2
c - Olgreb's Toxic Radia  Pois           44%        N/A       1%          4
d - Mephitic Cloud        Conj/Pois/Air  18%        N/A       9%          3

Your spell library contained the following spells:

 Spells                   Type           Power      Damage    Failure   Level
 Chain Lightning          Conj/Air       2%         3d3       100%        9
 Fire Storm               Conj/Fire      2%         8d1       100%        9


Dungeon Overview and Level Annotations

Branches:
Dungeon (7/15)             Temple (1/1) D:4

Altars:
Ashenzari
Dithmenos
Fedhas
Kikubaaqudgha
Nemelex Xobeh
Okawaru
Qazlal
Ru
Sif Muna
Trog
Uskayaw
Vehumet
Xom
Yredelemnul
The Shining One

Shops:
D:1 !   D:2 [   D:4 (   D:6 ?


Innate Abilities, Weirdness & Mutations

((You are quick and stealthy near water. (Stealth+, EV+, Speed+++)))
Your lower body shifts to a powerful aquatic tail in water.


Message History

The centaur kicks you. The orc warrior misses you.
The howler monkey closely misses you. The hound closely misses you.
You climb upwards.
There is a stone staircase leading down here.
Okay, then.
You draw a card...
You have drawn Velocity.
The centaur seems to slow down.
You block the eight-headed hydra's attack.
The eight-headed hydra bites you but does no damage.
The eight-headed hydra misses you. The eight-headed hydra bites you.
The eight-headed hydra bites you but does no damage.
The eight-headed hydra barely misses you. x2
The eight-headed hydra misses you. The hound closely misses you.
The centaur hits you but does no damage.
The centaur closely misses you.
The howler monkey hoots and howls with incredible vigour!
The eight-headed hydra closely misses you. x2
You block the eight-headed hydra's attack.
The eight-headed hydra completely misses you.
The eight-headed hydra closely misses you.
The eight-headed hydra misses you. The eight-headed hydra bites you!
The eight-headed hydra barely misses you.
The howler monkey misses you.
The centaur hits you but does no damage.
The centaur kicks you but does no damage.
The hound completely misses you.
The centaur wields a +0 shortbow.
The centaur shoots an arrow.
The arrow closely misses you.
You draw a card...
You have drawn the Swarm.
The eight-headed hydra closely misses you.
The eight-headed hydra bites you.
* * * LOW HITPOINT WARNING * * *
The eight-headed hydra barely misses you.
The eight-headed hydra closely misses you.
The eight-headed hydra bites you.
* * * LOW HITPOINT WARNING * * *
The eight-headed hydra bites you!
* * * LOW HITPOINT WARNING * * *
The eight-headed hydra bites you!
You die...
Your body glows slightly and disappears.

...........# ...........#
....#......# ....#..##.##
.....#.##.# .....#.##.######
....##.##......#
#..##..........##### #######
................@y.## #......
#.##.#........cD....# #.###.#
#.##.####.[...h##.#.#######.# #.#
......)......h>h............# #.#
#.##.####..###.##.#(.######.# #.#
#.##.####..###.##.#..######.###.#
.......................)........#
#.#######..###.##.##..#.###.###.#
...# #....∩....##..#.# #.# #.#


You could see an eight-headed hydra (ally target), a centaur (slow), a howler
monkey, a hound and a friendly killer bee (summoned).

Vanquished Creatures
  A two-headed ogre (D:6)
  Pikel (D:5)
  A kobold demonologist (D:6)
  Sigmund (D:5)
  A water moccasin (D:6)
  2 orc warriors
  An ice beast (D:6)
  A hornet zombie (D:6)
  A necrophage (D:7)
  A sky beast (D:6)
  A centaur (D:6)
  6 ogres
  A lemure (D:5)
  A phantom (D:6)
  Blork the orc (D:5)
  3 bullfrogs (D:6)
  5 scorpions
  A water moccasin skeleton (D:5)
  A howler monkey (D:5)
  A centaur zombie (D:7)
  3 bullfrog zombies
  4 hounds
  A gnoll shaman (D:4)
  3 orc priests
  Jessica (D:3)
  5 iguanas
  7 orc wizards
  A killer bee zombie (D:7)
  7 gnolls
  3 adders
  6 white imps
  An adder zombie (D:5)
  A worm (D:2)
  4 dart slugs
  17 orcs
  2 bat zombies (D:5)
  9 endoplasms
  2 giant cockroaches
  8 goblins
  7 hobgoblins
  6 ball pythons
  5 bats
  4 frilled lizards
  5 kobolds
  8 rats
  A spectral kobold (D:2)
153 creatures vanquished.

Vanquished Creatures (others)
  2 plants (D:4)
2 creatures vanquished.

Grand Total: 155 creatures vanquished

Notes
Turn   | Place    | Note
-------+----------+-------------------------------------------
     0 | D:1      | raph the Merfolk Venom Mage began the quest for the Orb.
     0 | D:1      | Reached XP level 1. HP: 13/13 MP: 3/3
   211 | D:1      | Reached XP level 2. HP: 19/19 MP: 3/5
   234 | D:1      | Learned a level 2 spell: Poisonous Vapours
   583 | D:1      | Reached skill level 4 in Poison Magic
   711 | D:1      | Found Suxtil's Distillery.
  1329 | D:1      | Reached XP level 3. HP: 23/24 MP: 3/6
  1799 | D:2      | Found a faded altar of an unknown god.
  1973 | D:2      | Found Borua's Armour Boutique.
  2521 | D:2      | Reached XP level 4. HP: 30/30 MP: 1/8
  2984 | D:3      | Learned a level 4 spell: Olgreb's Toxic Radiance
  3112 | D:3      | Reached skill level 5 in Poison Magic
  3451 | D:3      | Reached XP level 5. HP: 35/35 MP: 1/9
  3682 | D:2      | Bought a +0 pair of boots for 63 gold pieces
  3691 | D:2      | Learned a level 3 spell: Mephitic Cloud
  4544 | D:3      | Noticed Jessica
  4548 | D:3      | Killed Jessica
  4652 | D:3      | Reached skill level 6 in Poison Magic
  4836 | D:4      | Found an iron altar of Okawaru.
  4851 | D:4      | Reached XP level 6. HP: 32/41 MP: 3/11
  5017 | D:4      | Found a staircase to the Ecumenical Temple.
  5027 | Temple   | Entered the Ecumenical Temple
  5101 | Temple   | Became a worshipper of Nemelex Xobeh the Trickster
  5369 | D:4      | Found Niufaczo's Antique Weapon Shoppe.
  5489 | D:4      | Reached skill level 1 in Polearms
  6104 | D:4      | Reached XP level 7. HP: 44/47 MP: 9/12
  6277 | D:5      | Entered Level 5 of the Dungeon
  6363 | D:5      | Reached * piety under Nemelex Xobeh
  6482 | D:5      | Noticed Sigmund
  6495 | D:5      | Killed Sigmund
  6496 | D:5      | Reached skill level 1 in Fighting
  6496 | D:5      | Reached skill level 7 in Poison Magic
  6496 | D:5      | Reached skill level 1 in Invocations
  6764 | D:5      | Noticed Pikel
  6804 | D:5      | Killed Pikel
  6805 | D:5      | Reached XP level 8. HP: 13/57 MP: 4/14
  7153 | D:1      | Bought a potion of heal wounds for 60 gold pieces
  7287 | D:5      | Received a gift from Nemelex Xobeh
  7304 | D:5      | Reached skill level 5 in Polearms
  7736 | D:5      | Reached skill level 8 in Poison Magic
  7945 | D:5      | HP: 2/57 [ogre (24)]
  7982 | D:4      | Reached XP level 9. HP: 21/63 MP: 10/16
  8424 | D:5      | Identified the amulet of the Turtledove {Reflect Int+3
                  | Dex+3 SH+5}
  8571 | D:5      | Found an ancient bone altar of Kikubaaqudgha.
  8677 | D:5      | Noticed Blork the orc
  8690 | D:5      | Killed Blork the orc
  8849 | D:6      | Reached skill level 5 in Dodging
  9186 | D:6      | Received a gift from Nemelex Xobeh
  9208 | D:6      | Reached skill level 5 in Spellcasting
  9525 | D:6      | Reached ** piety under Nemelex Xobeh
 10176 | D:6      | Received a gift from Nemelex Xobeh
 10347 | D:6      | Found Anekatir's Magic Scroll Emporium.
 10780 | D:6      | Reached skill level 5 in Stealth
 10780 | D:6      | Reached skill level 9 in Poison Magic
 11298 | D:7      | Reached XP level 10. HP: 63/72 MP: 16/18
 11353 | D:7      | Noticed a two-headed ogre
 11370 | D:7      | Noticed an eight-headed hydra
 11381 | D:7      | Noticed a gargoyle
 11434 | D:6      | Killed a two-headed ogre
 11720 | D:7      | Noticed a kobold demonologist
 11812 | D:6      | Killed a kobold demonologist
 12127 | D:6      | Mangled by an eight-headed hydra

Illustrated notes

Levels and vault maps discovered:
D:1:      dpeg_arrival_morbid_curiosity, layout_basic, serial_glass,
          glass_columns_b, glass_columns_a, serial_shops, nicolae_shop_crystal,
          chequers_garden
D:2:      minmay_angry_zag, layout_basic,
          dreamdust_ecumenical_altar_drowned_temple, serial_shops, shop
D:3:      layout_basic, minmay_increasing_density, uniq_jessica
D:4:      layout_loops_ring, okawaru_trees_1, minmay_temple_entry_glass,
          serial_shops, nicolae_shop_overgrown_old_shop,
          chequers_serial_rivers_marsh
D:5:      minmay_clustersquares, layout_gridville,
          lemuel_zombie_altar_kikubaaqudgha, uniq_sigmund, uniq_blork_the_orc,
          uniq_pikel
D:6:      layout_basic, enter_ossuary_1, serial_shops, shop, st_stairs_5,
          kennysheep_generic_room_3
D:7:      cheibrodos_fzero, layout_cave_pools, serial_co_window_serial,
          co_window_paths_a, co_window_paths_a, co_window_corner_a,
          co_window_paths_b, co_window_corner_a, co_window_of_opportunity_b,
          co_window_corner_cb, co_window_2corner, co_window_broadway_b,
          co_window_2corner, glass_columns_a, glass_columns_a, serial_shops,
          nicolae_lakefront_shop, nicolae_shop_temple_entry_statues_fountains,
          nicolae_shop_behind_doors, kennysheep_mini, minmay_between
Temple:   cyrus_circular_temple

Skill      XL: |  1  2  3  4  5  6  7  8  9 10 |
---------------+-------------------------------+-----
Poison Magic   | 4 5 6 7 8 9 |  9.6
Spellcasting   | 3 4 5 |  5.6
Polearms       | 1 4 6 8 |  8.9
Dodging        | 3 4 5 6 |  6.2
Fighting       | 2 3 4 |  4.6
Invocations    | 2 3 4 |  4.6
Stealth        | 3 4 5 |  5.6
Transmutations | |  1.3

Action                   |  1- 3 |  4- 6 |  7- 9 | 10-12 || total
-------------------------+-------+-------+-------+-------++-------
Melee: Unarmed           |     3 |       |       |       ||     3
       Dagger            |    45 |    18 |       |       ||    63
       Trident           |       |    14 |       |       ||    14
       Halberd           |       |    60 |   241 |    16 ||   317
Throw: Javelin           |       |     1 |       |       ||     1
 Cast: Sting             |    56 |    26 |     8 |       ||    90
       Poisonous Vapours |     2 |    35 |    34 |     8 ||    79
       Olgreb's Toxic Ra |       |     2 |    21 |     5 ||    28
       Mephitic Cloud    |       |       |     1 |       ||     1
Invok: Draw Escape       |       |       |       |     1 ||     1
       Draw Destruction  |       |       |       |     1 ||     1
       Draw Summoning    |       |       |       |     1 ||     1
  Use: Scroll            |       |    14 |     6 |       ||    20
       Potion            |       |       |     3 |       ||     3
 Stab: Sleeping          |     1 |     3 |     7 |       ||    11
       Distracted        |       |       |     1 |       ||     1
Armor: Robe              |    17 |    30 |    78 |    20 ||   145
Dodge: Dodged            |    40 |    66 |   192 |    86 ||   384
Block: Other             |       |       |    36 |    13 ||    49
       Reflection        |       |       |     2 |     1 ||     3
